 Dungeon Crawl Stone Soup version bcrawl-1.27.8b (webtiles) character file.

Game seed: 8475374163762956675

176344 LostNumber the Insei (level 5, 0/32 HPs)
             Began as a Vine Stalker Martial Artist on Oct 30, 2020.
             Was a Believer of Wu Jian.
             Succumbed to a worker ant's poison
             ... on level 4 of the Dungeon.
             The game lasted 00:03:17 (1711 turns).

LostNumber the Insei (Vine Stalker Martial Artist)  Turns: 1711, Time: 00:03:18

Health: 0/32       AC:  5    Str: 15    XL:     5   Next: 24%
Magic:  7/7        EV: 12    Int:  9    God:    Wu Jian [**....]
Gold:   195        SH:  0    Dex: 17    Spells: 5/6 levels left

rFire    . . .     SeeInvis .   f - +0 dagger
rCold    . . .     Gourm    .   (no shield)
rNeg     . . .     Faith    .   c - +0 ring mail
rPois    .         Spirit   .   (no helmet)
rElec    .         Reflect  .   (no cloak)
rCorr    .         Harm     .   (no gloves)
MR       .....                  (no boots)
Stlth    ++........             (no amulet)
HPRegen  0.50/turn              (no ring)
MPRegen  0.10/turn              (no ring)

@: lethally poisoned (0 -> 0), hasted, very quick
A: fangs 2, regeneration 1, no potion heal 3, rot immunity, strong jaws
a: Wall Jump, Serpent's Lash, Renounce Religion


You were on level 4 of the Dungeon.
You worshipped Wu Jian.
Wu Jian was pleased with you.
You were near starving.

You visited 1 branch of the dungeon, and saw 4 of its levels.

You collected 195 gold pieces.

Inventory:

Hand Weapons
 f - a +0 dagger (weapon)
   (You took it off a goblin on level 1 of the Dungeon)
Armour
 a - a +0 robe
 c - a +0 ring mail (worn)
   (You found it on level 1 of the Dungeon)
Jewellery
 n - a cursed ring of ice {unknown}
   (You found it on level 1 of the Dungeon)
 q - a +3 amulet of reflection {unknown}
   (You found it on level 2 of the Dungeon)
Scrolls
 g - a scroll of teleportation {unknown}
 h - a scroll of fear {unknown}
 i - 3 scrolls of identify {@r1}
 j - a scroll of remove curse {unknown}
 l - a scroll of magic mapping {unknown}
 m - 3 scrolls of noise {unknown}
 p - a scroll of fog {unknown}
Potions
 b - 2 potions of agility
 d - a potion of degeneration {unknown}
 k - a potion of might {unknown}
Comestibles
 e - 5 rations {!d!d}


   Skills:
 + Level 3.3 Fighting
 * Level 2.2 Short Blades
 + Level 3.7 Dodging
 + Level 3.5 Stealth
 - Level 4.1 Unarmed Combat
 - Level 1.1 Spellcasting
 - Level 1.0 Hexes


You had 5 spell levels left.
You knew the following spells:

 Your Spells              Type           Power        Failure   Level  Hunger
a - Confusing Touch       Hex            #.......     43%         1    None
Your spell library was empty.

Dungeon Overview and Level Annotations

Branches:
Dungeon (4/12)
 Temple: D:4-7

Altars:
Ru

Annotations:
D:3 Grinder


Innate Abilities, Weirdness & Mutations

You have extremely sharp teeth.
Your natural rate of healing is unusually fast.
Potions cannot restore your health.
You are immune to rotting.
Your bites deal extra damage.


Message History

You spin and attack the worker ant.
You barely miss the worker ant.
The worker ant bites you but does no damage.
The worker ant bites you.
* * * LOW HITPOINT WARNING * * *
You feel sick.
You feel sick. The worker ant closely misses you.
You feel sick.
You barely miss the worker ant. The worker ant bites you.
* * * LOW HITPOINT WARNING * * *
You are more poisoned.
The worker ant poisons you!
You hit the worker ant.
You kill the worker ant!
The Council accepts your kill.
You feel sick.
You lunge at the crimson imp, in a flurry of attacks.
You hit the crimson imp. Your bite misses the crimson imp.
You hit the crimson imp.
You feel sick. The crimson imp misses you.
You closely miss the crimson imp. Your bite misses the crimson imp.
You feel sick. The crimson imp hits you.
* * * LOW HITPOINT WARNING * * *
You are near starving!
You miss the crimson imp.
You feel sick. The crimson imp hits you.
* * * LOW HITPOINT WARNING * * *
You hit the crimson imp. You punch the crimson imp.
You feel sick. The crimson imp barely misses you.
You miss the crimson imp. Your bite misses the crimson imp.
The crimson imp hits you but does no damage.
You miss the crimson imp.
You feel sick. The crimson imp misses you.
You hit the crimson imp. You bite the crimson imp.
You feel sick.
The crimson imp hits you but does no damage.
You barely miss the crimson imp. Your punch misses the crimson imp.
You bite the crimson imp, but do no damage.
You barely miss the crimson imp.
You feel sick. The crimson imp gestures at you. The flame tongue misses you.
You barely miss the crimson imp. The crimson imp barely misses you.
You barely miss the crimson imp.
You feel sick. The crimson imp completely misses you.
You closely miss the crimson imp.
The crimson imp shouts, "Get thee gone, thou peaked tardy-gaited crab-lanthorn!"
The crimson imp misses you.
You hit the crimson imp. Your bite misses the crimson imp.
You feel sick. The crimson imp misses you.
You hit the crimson imp but do no damage.
You bite the crimson imp. The crimson imp hits you.
* * * LOW HITPOINT WARNING * * *
It was a potion of haste.
You feel yourself speed up.
You die...

#.# #..#
####.#........
# # #..#
#.#...#...# #
#..#
#.#...#.###
#..# #.#...#.#
...# #.#..$..#
##.#
##...#.#.# .##
#........#
.....####5.##
.....###@..#
........#..#
.....#.###.#
... ..# ##.. #
#.. #.# ## .#
. .


You could see a crimson imp.

Vanquished Creatures
  A crimson imp (D:4)
  A worker ant (D:4)
  An adder (D:4)
  An ooze (D:2)
  4 worms (D:2)
  A dart slug (D:1)
  5 leopard geckos (D:1)
  2 ball pythons (D:1)
  4 bats
  5 giant cockroaches
  6 hobgoblins
  6 jackals
  A frilled lizard (D:2)
  5 goblins
  6 kobolds
  2 rats (D:1)
51 creatures vanquished.

Vanquished Creatures (others)
  An adder (D:3)
  4 orcs (D:3)
5 creatures vanquished.

Grand Total: 56 creatures vanquished

Notes
Turn   | Place    | Note
-------+----------+-------------------------------------------
     0 | D:1      | LostNumber the Vine Stalker Martial Artist began the quest
                  | for the Orb.
     0 | D:1      | Reached XP level 1. HP: 13/13 MP: 3/3
    64 | D:1      | Reached XP level 2. HP: 14/18 MP: 4/4
   475 | D:1      | Reached XP level 3. HP: 15/22 MP: 5/5
   554 | D:1      | Reached skill level 1 in Short Blades
  1083 | D:2      | Found a sacrificial altar of Ru.
  1129 | D:2      | Reached ** piety under Wu Jian
  1168 | D:2      | Reached XP level 4. HP: 25/28 MP: 6/6
  1521 | D:3      | Noticed Grinder
  1630 | D:4      | Reached XP level 5. HP: 25/32 MP: 7/7
  1710 | D:4      | HP: 1/32 [crimson imp (3)]
  1711 | D:4      | Succumbed to a worker ant's poison

Skill      XL: |  1  2  3  4 |
---------------+-------------+-----
Stealth        | 2 3 |  3.5
Fighting       | 3 |  3.3
Short Blades   | 1 2 |  2.2
Dodging        | |  3.7
Unarmed Combat | |  4.1
Spellcasting   | |  1.1
Hexes          | |  1.0

Action                   |  1- 3 |  4- 6 || total
-------------------------+-------+-------++-------
Melee: Unarmed           |    13 |       ||    13
       Bite              |    16 |    13 ||    29
       Dagger            |   133 |   112 ||   245
       Punch             |     1 |     1 ||     2
Invok: Lunge             |     9 |     6 ||    15
       Whirlwind         |       |     1 ||     1
  Use: Potion            |       |     1 ||     1
 Stab: Sleeping          |     3 |     2 ||     5
  Eat: Chunk             |     4 |     2 ||     6
Armor: Ring mail         |    44 |    25 ||    69
Dodge: Dodged            |   102 |    60 ||   162
